 Dungeon Crawl Stone Soup version 0.27-a0-1136-g0b992a5a9d (webtiles) character file.

Game seed: 9201661366852608519

5595 reriks the Thaumaturge (level 10, 0/50 HPs)
             Began as a Deep Elf Hedge Wizard on May 5, 2021.
             Was a Believer of Vehumet.
             Slain by a seven-headed hydra (15 damage)
             ... on level 11 of the Dungeon.
             The game lasted 01:05:12 (19747 turns).

reriks the Thaumaturge (Deep Elf Hedge Wizard)     Turns: 19747, Time: 01:05:12

Health: 0/50       AC:  7    Str:  7    XL:     10   Next: 45%
Magic:  24/33      EV: 21    Int: 34    God:    Vehumet [**....]
Gold:   585        SH:  5    Dex: 22    Spells: 5/25 levels left

rFire    . . .     SeeInvis +   (no weapon)
rCold    . . .     Faith    .   (no shield)
rNeg     . . .     Spirit   .   u - +2 robe {Will+}
rPois    .         Reflect  +   w - +0 helmet {SInv}
rElec    .         Harm     .   (no cloak)
rCorr    .         Rampage  .   D - +0 pair of gloves
Will     +++..                  m - +0 pair of boots
Stlth    ++........             t - amulet of Otuur {Reflect Will+ Int+4 Slay-6 SH+5}
HPRegen  0.16/turn              x - ring "Miebuofo" {Fly EV+4 Int+7 Dex+8 Stlth-}
MPRegen  0.23/turn              z - ring of magical power

@: flying
A: no striking features
a: Renounce Religion


You were on level 11 of the Dungeon.
You worshipped Vehumet.
Vehumet was pleased with you.
You visited 2 branches of the dungeon, and saw 12 of its levels.

You collected 1135 gold pieces.
You spent 550 gold pieces at shops.

Inventory:

Hand Weapons
 a - a +0 dagger
 v - a +2 whip of electrocution
Missiles
 n - 6 javelins
Armour
 b - a +0 robe
 c - a +0 hat
 m - a +0 pair of boots (worn)
 u - a +2 robe of willpower (worn)
 w - a +0 helmet of see invisible (worn)
 D - a +0 pair of gloves (worn)
 F - the +0 robe of Wonder {SInv}
   (You found it on level 8 of the Dungeon)

   It lets you see invisible.
Magical Staves
 f - a staff of conjuration
 j - a staff of earth
Jewellery
 o - a ring of protection from cold
 q - a ring of wizardry
 s - a ring of positive energy
 t - the amulet of Otuur (around neck) {Reflect Will+ Int+4 Slay-6 SH+5}
   (You acquired it on level 3 of the Dungeon)

   [amulet of reflection]

   It reflects blocked missile attacks.
   It affects your intelligence (+4).
   It affects your accuracy and damage with ranged weapons and melee attacks
   (-6).
   It affects your SH (+5).
   It increases your willpower.
 x - the ring "Miebuofo" (left hand) {Fly EV+4 Int+7 Dex+8 Stlth-}
   (You acquired it on level 5 of the Dungeon)

   [ring of evasion]

   It affects your evasion (+4).
   It affects your intelligence (+7).
   It affects your dexterity (+8).
   It grants you flight.
   It makes you less stealthy.
 z - a ring of magical power (right hand)
Wands
 h - a wand of iceblast (9)
 l - a wand of mindburst (10)
 r - a wand of digging (6)
 C - a wand of flame (20)
Scrolls
 d - 3 scrolls of noise
 i - 3 scrolls of teleportation
 y - a scroll of enchant armour {unknown}
 B - 3 scrolls of identify
Potions
 e - a potion of mutation {unknown}
 g - 2 potions of ambrosia
 k - a potion of might
 p - 3 potions of curing
 A - a potion of cancellation {unknown}
 E - a potion of brilliance {unknown}


   Skills:
 + Level 6.6 Dodging
 - Level 5.0 Stealth
 + Level 8.2 Spellcasting
 + Level 5.7 Conjurations
 + Level 6.5 Hexes
 + Level 5.7 Summonings
 + Level 5.7 Translocations
 + Level 5.4 Fire Magic
 + Level 4.5 Air Magic
 + Level 5.0 Poison Magic


You had 5 spell levels left.
You knew the following spells:

 Your Spells              Type           Power      Damage    Failure   Level
a - Magic Dart            Conj           100%       1d8       1%          1
b - Blink                 Tloc           N/A        N/A       1%          2
c - Call Imp              Summ           52%        N/A       1%          2
d - Slow                  Hex            55%        N/A       1%          2
e - Conjure Flame         Conj/Fire      51%        6-21      1%          3
f - Mephitic Cloud        Conj/Pois/Air  48%        N/A       1%          3
g - Gell's Gravitas       Tloc           25%        N/A       1%          3
h - Sticky Flame          Conj/Fire      51%        2d7       3%          4

Your spell library contained the following spells:

 Spells                   Type           Power      Damage    Failure   Level
 Static Discharge         Conj/Air       48%        N/A       1%          2
 Foxfire                  Conj/Fire      100%       2x1d9     1%          1
 Confusing Touch          Hex            55%        N/A       1%          3
 Inner Flame              Hex/Fire       53%        N/A       1%          3
 Beastly Appendage        Tmut           26%        N/A       3%          1
 Spider Form              Tmut/Pois      15%        N/A       3%          3
 Wereblood                Tmut           13%        N/A       4%          2
 Fireball                 Conj/Fire      25%        3d11      9%          5
 Metabolic Englaciation   Hex/Ice        18%        N/A       24%         5
 Yara's Violent Unravell  Hex/Tmut       18%        3d9       24%         5
 Ice Form                 Ice/Tmut       13%        N/A       32%         4
 Petrify                  Tmut/Erth      13%        N/A       32%         4
 Hydra Form               Tmut           6%         N/A       65%         5


Dungeon Overview and Level Annotations

Branches:
Dungeon (11/15)            Temple (1/1) D:4
   Lair: D:8-11         Orc: D:9-12

Altars:
Ashenzari
Cheibriados
Dithmenos
Elyvilon
Fedhas
Gozag
Hepliaklqana
Kikubaaqudgha
Makhleb
Nemelex Xobeh
Okawaru
Qazlal
Ru
Sif Muna
Trog
Uskayaw
Vehumet
Wu Jian
Yredelemnul
Zin
The Shining One

Shops:
D:3 *

Annotations:
D:2 1 runed translucent door, Crazy Yiuf
D:6 2 runed translucent doors
D:10 Erica, Harold


Message History

The seven-headed hydra is lightly wounded.
Casting: Magic Dart (safe; 1% risk of failure)
Confirm with . or Enter, or press ? or * to list all spells.
The fire begins to smoulder!
The fire ignites!
Casting: Conjure Flame (safe; 1% risk of failure)
Confirm with . or Enter, or press ? or * to list all spells.
Aiming: Magic Dart (safe; 1% risk of failure)
Press: ? - help, Shift-Dir - straight line, f/p - seven-headed hydra
Aim: a seven-headed hydra (lightly wounded, 100% to hit)
The magic dart hits the seven-headed hydra.
The seven-headed hydra is lightly wounded.
Casting: Magic Dart (safe; 1% risk of failure)
Confirm with . or Enter, or press ? or * to list all spells.
Aiming: Magic Dart (safe; 1% risk of failure)
Press: ? - help, Shift-Dir - straight line, f/p - seven-headed hydra
Aim: a seven-headed hydra (lightly wounded, 100% to hit)
The magic dart hits the seven-headed hydra.
The seven-headed hydra is lightly wounded.
Casting: Magic Dart (safe; 1% risk of failure)
Confirm with . or Enter, or press ? or * to list all spells.
Aiming: Sticky Flame (dangerous; 3% risk of failure)
Press: ? - help, Shift-Dir - straight line, f/p - seven-headed hydra
Aim: a seven-headed hydra (flame, lightly wounded, 100% to hit)
The sticky flame hits the seven-headed hydra.
The seven-headed hydra is lightly wounded.
The seven-headed hydra is covered in liquid flames!
The seven-headed hydra burns!
The seven-headed hydra is engulfed in blazing flames.
The seven-headed hydra completely misses you.
The seven-headed hydra bites you! The seven-headed hydra misses you.
The seven-headed hydra bites you!
You block the seven-headed hydra's attack.
The seven-headed hydra bites you. The seven-headed hydra bites you!
* * * LOW HITPOINT WARNING * * *
The seven-headed hydra burns!
The seven-headed hydra is engulfed in blazing flames.
The seven-headed hydra closely misses you.
The seven-headed hydra bites you!
You die...

#..'.#.#####.#.#
+..##.#.....#.#.#
## #.#####.###.#
#...#...#...#
#.#.#.###.#.#
#...#.....#.#
###'#########
#..#### ##..@.#
#######D###
#......)..#
#...D.....# .
#.........#
....#.........#
..............#
.D.#..........#
##.........#


You could see a seven-headed hydra (burning).

Vanquished Creatures
  A two-headed ogre (D:11)
  Pikel (D:5)
  Prince Ribbit (D:6)
  2 yaks
  Grum (D:9)
  A steam dragon (D:7)
  A water moccasin (D:7)
  2 sky beasts
  An ice beast (D:7)
  A hornet zombie (D:8)
  3 orc warriors
  A black bear (D:7)
  3 ogres
  2 necrophages
  4 wolves (D:9)
  A centaur (D:8)
  A lemure (D:5)
  Blork the orc (D:6)
  A bullfrog (D:7)
  A gnoll sergeant (D:9)
  3 scorpions
  A water moccasin zombie (D:7)
  A water moccasin skeleton (D:5)
  5 killer bees
  10 wights
  3 howler monkeys
  4 jellies
  A centaur zombie (D:3)
  A bullfrog zombie (D:6)
  A bullfrog skeleton (D:5)
  4 orc priests
  2 hounds
  Ijyb (D:4)
  4 iguanas
  4 orc wizards
  A killer bee zombie (D:7)
  A howler monkey zombie (D:8)
  3 gnolls (D:9)
  9 adders
  2 river rats (D:4)
  An ufetubus (D:5)
  4 worms (D:2)
  2 dart slugs
  21 orcs
  13 ball pythons
  9 endoplasms
  2 giant cockroaches
  19 goblins
  12 hobgoblins
  9 jackals
  3 quokkas
  7 bats
  2 frilled lizards
  8 kobolds
  4 rats
207 creatures vanquished.

Vanquished Creatures (collateral kills)
  A wight (D:7)
1 creature vanquished.

Vanquished Creatures (others)
  10 plants (D:5)
10 creatures vanquished.

Grand Total: 218 creatures vanquished

Notes
Turn   | Place    | Note
-------+----------+-------------------------------------------
     0 | D:1      | reriks the Deep Elf Hedge Wizard began the quest for the
                  | Orb.
     0 | D:1      | Reached XP level 1. HP: 10/10 MP: 7/7
   192 | D:1      | Reached XP level 2. HP: 15/15 MP: 4/9
  1121 | D:1      | Reached XP level 3. HP: 19/19 MP: 4/11
  1124 | D:1      | Learned a level 2 spell: Blink
  1127 | D:1      | Learned a level 2 spell: Call Imp
  1130 | D:1      | Learned a level 2 spell: Slow
  1244 | D:1      | Found a faded altar of an unknown god.
  2152 | D:2      | Learned a level 3 spell: Conjure Flame
  2619 | D:2      | Reached XP level 4. HP: 24/24 MP: 9/12
  3373 | D:2      | Found a sacrificial altar of Ru.
  3725 | D:2      | Found a runed translucent door.
  3726 | D:2      | Noticed Crazy Yiuf
  3812 | D:3      | Reached skill level 1 in Hexes
  3848 | D:3      | Noticed an orc warrior
  3992 | D:3      | Reached skill level 5 in Spellcasting
  3992 | D:3      | Reached skill level 1 in Fire Magic
  3995 | D:3      | Reached XP level 5. HP: 27/28 MP: 4/14
  5319 | D:3      | Found Humatt's General Store.
  5334 | D:3      | Learned a level 3 spell: Mephitic Cloud
  5534 | D:3      | Found Umma's Assorted Antiques.
  5566 | D:3      | Killed an orc warrior
  5567 | D:3      | Reached XP level 6. HP: 32/32 MP: 16/16
  5661 | D:3      | Found an ancient bone altar of Kikubaaqudgha.
  5661 | D:3      | Found a basalt altar of Yredelemnul.
  5667 | D:3      | Found an opulent altar of Gozag.
  5675 | D:3      | Found a faded altar of an unknown god.
  5677 | D:3      | Found a faded altar of an unknown god.
  6290 | D:4      | Reached skill level 1 in Air Magic
  6290 | D:4      | Reached skill level 1 in Poison Magic
  6602 | D:4      | Reached XP level 7. HP: 36/36 MP: 11/17
  7197 | D:4      | Found a hide-covered altar of Uskayaw.
  7796 | D:4      | Noticed Ijyb
  8367 | D:4      | Found a staircase to the Ecumenical Temple.
  8373 | Temple   | Entered the Ecumenical Temple
  8826 | Temple   | Became a worshipper of Vehumet
  8967 | D:4      | Killed Ijyb
  9321 | D:5      | Entered Level 5 of the Dungeon
  9648 | D:5      | Learned a level 3 spell: Gell's Gravitas
 10944 | D:5      | Reached skill level 6 in Spellcasting
 11028 | D:5      | Reached XP level 8. HP: 27/41 MP: 9/19
 12323 | D:6      | Noticed Pikel
 12627 | D:6      | Reached skill level 5 in Stealth
 12817 | D:5      | Killed Pikel
 12818 | D:5      | Reached skill level 5 in Dodging
 13142 | D:6      | Reached XP level 9. HP: 45/45 MP: 9/21
 13450 | D:5      | Identified 3 scrolls of acquirement
 13450 | D:5      | Acquired a +0 helmet of see invisible
 13462 | D:5      | Acquired the ring "Miebuofo" {Fly EV+4 Int+7 Dex+8 Stlth-}
 13466 | D:5      | Acquired 596 gold pieces
 13529 | D:3      | Bought a scroll of acquirement for 520 gold pieces
 13529 | D:3      | Bought a scroll of teleportation for 30 gold pieces
 13529 | D:3      | Acquired the amulet of Otuur {Reflect Will+ Int+4 Slay-6
                  | SH+5}
 13990 | D:6      | Noticed Blork the orc
 14009 | D:6      | Killed Blork the orc
 14244 | D:6      | Found a large runed translucent door.
 14245 | D:6      | Found a large runed translucent door.
 14285 | D:6      | Noticed Prince Ribbit
 14287 | D:6      | Found a sparkling altar of Nemelex Xobeh.
 14420 | D:6      | Killed Prince Ribbit
 14421 | D:6      | Reached skill level 7 in Spellcasting
 14663 | D:6      | Reached skill level 5 in Hexes
 15807 | D:7      | Reached * piety under Vehumet
 15807 | D:7      | Offered knowledge of Foxfire by Vehumet.
 16049 | D:7      | Reached skill level 5 in Summonings
 16233 | D:7      | Reached skill level 5 in Conjurations
 16233 | D:7      | Reached skill level 5 in Translocations
 17811 | D:8      | Reached XP level 10. HP: 50/50 MP: 8/23
 17955 | D:8      | Learned a level 4 spell: Sticky Flame
 17966 | D:8      | Found an iron altar of Okawaru.
 18146 | D:8      | Reached skill level 5 in Fire Magic
 18356 | D:8      | Identified the +0 robe of Wonder {SInv}
 19065 | D:9      | Reached ** piety under Vehumet
 19208 | D:9      | Offered knowledge of Static Discharge by Vehumet.
 19230 | D:9      | Noticed Grum
 19239 | D:9      | Killed Grum
 19240 | D:9      | Reached skill level 8 in Spellcasting
 19383 | D:9      | You are sucked into a shaft and drop 1 floor!
 19383 | D:10     | Entered Level 10 of the Dungeon
 19391 | D:10     | Found a stormy altar of Qazlal.
 19392 | D:10     | Noticed a gargoyle
 19422 | D:10     | Noticed Harold
 19430 | D:10     | Noticed Erica
 19433 | D:10     | Found a shadowy altar of Dithmenos.
 19597 | D:11     | Noticed a two-headed ogre
 19626 | D:11     | Killed a two-headed ogre
 19627 | D:11     | Reached skill level 5 in Poison Magic
 19681 | D:11     | Noticed a seven-headed hydra
 19747 | D:11     | Slain by a seven-headed hydra

Illustrated notes

Levels and vault maps discovered:
D:1:      lemuel_arrival_hallway, layout_loops_ring,
          ebering_ecumenical_altar_sacrificial
D:2:      minmay_recursive_quarters, layout_basic, basic_altar,
          uniq_crazy_yiuf_cottage, uniq_robin
D:3:      layout_basic, chequers_temple_overflow_minitemple, serial_shops, shop,
          shop, hangedman_decor_riveting
D:4:      kennysheep_goblin_castle, layout_cave_pools,
          nicolae_overflow_hidden_temple, minmay_temple_entry_enclosed_plants,
          portal_sewer_entry_e
D:5:      layout_gridville, serial_bayou_lagoon_b
D:6:      layout_loops_ring, old_standard_altar, jmf_multi_god_temple2,
          kb_rosetta, uniq_blork_the_orc, uniq_prince_ribbit1, uniq_pikel
D:7:      layout_gridville
D:8:      layout_rooms, okawaru_ov_weapons_minmay
D:9:      layout_layer_cave, serial_shops, kennysheep_mini,
          minmay_hollow_rounded_squares, uniq_grum
D:10:     layout_cross, grunt_qazlal_sundering,
          nicolae_dithmenos_through_a_glass_darkly, erik_lair_orcish_takeover,
          uniq_joseph, uniq_erica, uniq_harold
D:11:     layout_roguey
Temple:   minmay_temple_forest_path

Skill      XL: |  1  2  3  4  5  6  7  8  9 10 |
---------------+-------------------------------+-----
Stealth        | 3 4 5 |  5.0
Dodging        | 3 4 5 6 |  6.6
Summonings     | 2 3 4 5 |  5.7
Translocations | 2 3 4 5 |  5.7
Conjurations   | 2 3 4 5 |  5.7
Hexes          | 1 2 3 4 5 6 |  6.5
Spellcasting   | 5 6 7 8 |  8.2
Fire Magic     | 1 2 3 4 5 |  5.4
Air Magic      | 1 2 3 4 |  4.5
Poison Magic   | 1 2 3 4 5 |  5.0

Action                   |  1- 3 |  4- 6 |  7- 9 | 10-12 || total
-------------------------+-------+-------+-------+-------++-------
Melee: Dagger            |     6 |       |       |       ||     6
       Staff             |       |       |     6 |       ||     6
 Cast: Magic Dart        |    93 |   185 |   476 |   136 ||   890
       Slow              |     1 |     1 |       |       ||     2
       Call Imp          |       |     6 |    10 |       ||    16
       Blink             |       |     3 |    13 |       ||    16
       Mephitic Cloud    |       |     2 |    32 |    15 ||    49
       Gell's Gravitas   |       |       |     3 |       ||     3
       Conjure Flame     |       |       |    16 |     7 ||    23
       Sticky Flame      |       |       |       |     7 ||     7
Evoke: Wand              |       |     3 |     4 |       ||     7
  Use: Scroll            |       |     4 |     4 |     4 ||    12
Armor: Robe              |     3 |     8 |     5 |     2 ||    18
Dodge: Dodged            |    14 |    23 |    55 |    28 ||   120
Block: Other             |       |       |     7 |     6 ||    13
       Reflection        |       |       |     1 |       ||     1

Table legend: (Time is in decaauts)
 A = Elapsed time spent in this place.
 B = Non-inter-level travel time spent in this place.
 C = Inter-level travel time spent in this place.
 D = Time resting spent in this place.
 E = Time spent auto-exploring this place.
 F = Levels seen in this place.
 G = Mean time per level.
                   A        B        C        D        E       F      G
               +--------+--------+--------+--------+--------+-----+--------+
         Total |  19788 |  18590 |   1198 |  10482 |   5078 |  12 | 1649.0 |
       Dungeon |  19284 |  18167 |   1117 |  10482 |   4659 |  11 | 1753.1 |
        Temple |    503 |    422 |     81 |      0 |    419 |   1 |  503.0 |
               +--------+--------+--------+--------+--------+-----+--------+

Top non-repeatable levels by time:
     D:4: 3540 daAuts
     D:2: 2994 daAuts
     D:5: 2749 daAuts
     D:6: 2321 daAuts
     D:7: 2158 daAuts
     D:3: 1772 daAuts
     D:1: 1622 daAuts
     D:8: 1405 daAuts
  Temple: 503 daAuts
     D:9: 357 daAuts
    D:11: 308 daAuts
    D:10: 53 daAuts
